 Dungeon Sprint DCSS version 0.27-a0-65-gfb268537a3 (webtiles) character file.

Game seed: 10718486850410682762

487 rocky1 the Earth Mage (level 7, -1/36 HPs)
             Began as a Gargoyle Earth Elementalist on Jan 9, 2021.
             Slain by a neqoxec (4 damage)
             ... in the Dungeon (Sprint II: "The Violet Keep of Menkaure").
             The game lasted 00:03:02 (378 turns).

rocky1 the Earth Mage (Gargoyle Earth Elementalist)  Turns: 378, Time: 00:03:02

Health: -1/36      AC:  6    Str: 11      XL:     7   Next: 13%
Magic:  2/11       EV: 12    Int: 16 (18) God:
Gold:   243        SH:  0    Dex: 10      Spells: 11/12 levels left

rFire    . . .     SeeInvis .   (no weapon)
rCold    . . .     Faith    .   (no shield)
rNeg     + . .     Spirit   .   c - +0 robe
rPois    ∞         Reflect  .   (no helmet)
rElec    +         Harm     .   (no cloak)
rCorr    .         Rampage  .   (no gloves)
Will     .....     Rnd*Rage +   (no boots) Stlth ++........NoTele +
                                (no amulet)
HPRegen  0.12/turn              (no ring)
MPRegen  0.12/turn              (no ring)

@: berserk cooldown, slowed, very slow
A: berserk 1, frail 1, negative energy resistance 1, electricity resistance,
unbreathing, petrification resistance, miasma immunity, AC +4
a: no special abilities


You were in the Dungeon.
You visited 1 branch You collected 243 gold pieces.

Inventory:

Missiles
 b - 6 stones
Armour
 c - a +0 robe (worn)
Scrolls
 i - a scroll of blinking
Potions
 f - a potion of haste


   Skills:
 + Level 2.8 Fighting
 + Level 2.7 Dodging
 - Level 2.1 Stealth
 + Level 3.2 Spellcasting
 - Level 0.7 Transmutations
 + Level 15.9 Earth Magic


You had 11 spell levels left.
You knew the following spells:

 Your Spells              Type           Power        Failure   Level
a - Sandblast             Erth           100%         1%          1

Your spell library contained the following spells:

 Spells                   Type           Power        Failure   Level
 Passwall                 Tmut/Erth      24%          1%          2
 Stone Arrow              Conj/Erth      56%          1%          3
 Lee's Rapid Deconstruct  Erth           26%          1%          5
 Petrify                  Tmut/Erth      29%          6%          4


Dungeon Overview and Level Annotations

Branches:
Dungeon (1/1)

Altars:
Makhleb
Sif Muna
Trog
Uskayaw
Vehumet
Wu Jian
Xom
Yredelemnul
Zin
The Shining One
Lugonu


Innate Abilities, Weirdness & Mutations

You are resistant to torment.
Your stone body is resilient. (AC +4)
You are immune to poison.
You resist negative energy. (rN+)
You are resistant to electric shocks. (rElec)
You can survive without breathing.
You are immune to petrification.
You are immune to miasma.
You tend to lose your temper in combat.
You are frail. (-10% HP)


Message History

You barely miss the neqoxec.
The neqoxec is moderately wounded.
The neqoxec hits you but does no damage.
The neqoxec misses you.
You closely miss the neqoxec.
The neqoxec is moderately wounded.
The neqoxec closely misses you.
You closely miss the neqoxec.
The neqoxec is moderately wounded.
The neqoxec hits you but does no damage.
The neqoxec gestures at you.
Something tries to feed on your intellect!
You hit the neqoxec.
The neqoxec is moderately wounded.
The neqoxec hits you.
* * * LOW HITPOINT WARNING * * *
You hit the neqoxec but do no damage.
The neqoxec is moderately wounded.
The neqoxec hits you.
You die...

.. .. .#### ...#
###..## #+# #.##..#
##.###..#..#
+.<.'†##@..### #.#
##.###53#....###...##
#5# #.##......≈≈≈≈≈≈
.3. ###≈§§.§..≈#+###
.##§§#≈≈≈≈≈≈≈..≈#._._
## ###≈≈≈§§≈≈≈.≈#.._.
#≈≈≈≈§≈≈≈§≈≈#._._
≈≈≈≈≈≈≈≈§≈≈§§#_._.
+++#≈≈≈≈§§≈≈≈#._._


You could see a neqoxec and an iron imp (summoned).

Vanquished Creatures
  3 neqoxecs (D)
  4 worker ants (D)
7 creatures vanquished.

Vanquished Creatures (others)
  A water moccasin (D)
1 creature vanquished.

Grand Total: 8 creatures vanquished

Notes
Turn   | Place    | Note
-------+----------+-------------------------------------------
     0 | D        | rocky1 the Gargoyle Earth Elementalist began the quest for
                  | the Orb.
     0 | D        | Reached XP level 1. HP: 10/10 MP: 3/3
     1 | D        | Noticed a worker ant
     1 | D        | Noticed a worker ant
    10 | D        | Killed a worker ant
    11 | D        | Reached skill level 7 in Earth Magic
    11 | D        | Reached XP level 2. HP: 7/15 MP: 3/5
    11 | D        | Reached XP level 3. HP: 10/19 MP: 3/6
    13 | D        | Reached skill level 9 in Earth Magic
    44 | D        | Killed a water moccasin
   215 | D        | Reached skill level 10 in Earth Magic
   215 | D        | Reached XP level 4. HP: 20/24 MP: 3/7
   217 | D        | Reached skill level 11 in Earth Magic
   312 | D        | Found a glowing silver altar of Zin.
   313 | D        | Found a glowing golden altar of the Shining One.
   313 | D        | Found a basalt altar of Yredelemnul.
   313 | D        | Found a hide-covered altar of Uskayaw.
   314 | D        | Found a shimmering altar of Xom.
   314 | D        | Found a bloodstained altar of Trog.
   315 | D        | Found an ornate altar of the Wu Jian Council.
   315 | D        | Found a shimmering blue altar of Sif Muna.
   315 | D        | Found a corrupted altar of Lugonu.
   315 | D        | Found a radiant altar of Vehumet.
   315 | D        | Found a burning altar of Makhleb.
   330 | D        | Noticed a neqoxec
   330 | D        | Noticed a neqoxec
   330 | D        | Noticed a neqoxec
   330 | D        | Noticed a neqoxec
   330 | D        | Gained mutation: You tend to lose your temper in combat. [a
                  | neqoxec]
   334 | D        | Killed a neqoxec
   335 | D        | Reached skill level 13 in Earth Magic
   335 | D        | Reached XP level 5. HP: 28/28 MP: 3/8
   335 | D        | Killed a neqoxec
   336 | D        | Reached skill level 15 in Earth Magic
   336 | D        | Reached XP level 6. HP: 32/32 MP: 2/9
   347 | D        | Gained mutation: You are frail. (-10% HP) [a neqoxec]
   361 | D        | Killed a neqoxec
   362 | D        | Reached XP level 7. HP: 36/36 MP: 1/11
   378 | D        | Slain by a neqoxec

Illustrated notes

Levels and vault maps discovered:
D:        the_violet_keep_of_menkaure [sprint2_stairs_cluster_1,
          sprint2_shoproom, sprint2_temple, sprint2_basic_supplies,
          sprint2_obstacle_5, sprint2_obstacle_1, sprint2_obstacle_7,
          sprint2_obstacle_3, sprint2_obstacle_4, sprint2_timed_cluster_1,
          sprint2_smallroom_cluster_1, sprint2_smallroom_final_cluster_1,
          sprint2_transparent_cluster_1, sprint2_second_timed_cluster_1,
          sprint2_sniper_area_1, sprint2_heavy_combat_area_1,
          sprint2_mutation_trap_area_1, sprint2_forest_area_1,
          sprint2_light_combat_area_1, sprint2_behind_water_1,
          sprint2_near_end_vault_1]

Skill      XL: |  1  2  3  4  5  6 |
---------------+-------------------+-----
Earth Magic    | 7 10 13 15 | 15.9
Fighting       | 2 |  2.8
Dodging        | 2 |  2.7
Spellcasting   | 3 |  3.2
Stealth        | |  2.1
Transmutations | |  0.7

Action                   |  1- 3 |  4- 6 |  7- 9 || total
-------------------------+-------+-------+-------++-------
Melee: Unarmed           |       |    11 |    14 ||    25
 Cast: Sandblast         |    12 |    11 |     1 ||    24
  Use: Potion            |     2 |     2 |     1 ||     5
Armor: Robe              |     1 |    16 |     7 ||    24
Dodge: Dodged            |     7 |    46 |     7 ||    60

Table legend: (Time is in decaauts)
 A = Elapsed time spent in this place.
 B = Non-inter-level travel time spent in this place.
 C = Inter-level travel time spent in this place.
 D = Time resting spent in this place.
 E = Time spent auto-exploring this place.
 F = Levels seen in this place.
 G = Mean time per level.
                   A        B        C        D        E       F      G
               +--------+--------+--------+--------+--------+-----+--------+
         Total |    376 |    376 |      0 |    280 |      0 |   1 |  376.0 |
       Dungeon |    376 |    376 |      0 |    280 |      0 |   1 |  376.0 |
               +--------+--------+--------+--------+--------+-----+--------+

Top non-repeatable levels by time:
       D: 376 daAuts
